 Dungeon Crawl Stone Soup version 0.29-a0-542-g075992c915 (webtiles) character file.

Game seed: 13089218498633939254

8040 rabbitsville the Carver (level 11, 0/101 HPs)
             Began as a Minotaur Fighter on June 2, 2022.
             Was a Believer of Trog.
             Slain by a sphinx (15 damage)
             ... on level 10 of the Dungeon on June 3, 2022.
             The game lasted 00:35:26 (10301 turns).

rabbitsville the Carver (Minotaur Fighter)         Turns: 10301, Time: 00:35:26

Health: 0/101      AC: 26    Str: 21    XL:     11   Next: 4%
Magic:  10/10      EV:  8    Int:  9    God:    Trog [**....]
Gold:   434        SH:  0    Dex: 14    Spells: 10/10 levels left

rFire   + . .      SeeInvis .   C - +3 great sword
rCold   . . .      Faith    .   (shield currently unavailable)
rNeg    . . .      Spirit   .   B - +9 plate armour {ponderous}
rPois   .          Reflect  .   (helmet restricted)
rElec   .          Harm     .   J - +0 cloak
rCorr   .          Rampage  .   K - +0 pair of gloves
Will    .....                   v - +0 pair of boots
Stlth   ..........              f - amulet of magic regeneration
HPRegen 0.26/turn               M - ring of flight
MPRegen 0.52/turn               E - ring of protection from fire

@: confused, on berserk cooldown, flying, slowed, very slow
A: horns 2, retaliatory headbutt, clever 2, wild magic 1
a: Renounce Religion, Berserk, Trog's Hand


You were on level 10 of the Dungeon.
You worshipped Trog.
Trog was pleased with you.
You visited 2 branches of the dungeon, and saw 11 of its levels.
You visited the Abyss 1 time.

You collected 434 gold pieces.

Inventory:

Hand Weapons
 a - a +0 long sword
 C - a +3 great sword (weapon)
Missiles
 o - 2 throwing nets
Armour
 b - a +0 scale mail
 c - a +0 buckler
 r - the +3 ring mail of the Desolation of Salt {Will- rCorr MP+9}
   (You found it on level 2 of the Dungeon)

   MP:        It affects your magic capacity (+9).
   rCorr:     It protects you from acid and corrosion.
   Will:      It decreases your willpower.
 v - a +0 pair of boots (worn)
 B - a +9 plate armour of ponderousness (worn)
 J - a +0 cloak (worn)
 K - a +0 pair of gloves (worn)
Jewellery
 f - an amulet of magic regeneration (around neck)
 D - a ring of fire
 E - a ring of protection from fire (right hand)
 M - a ring of flight (left hand)
Wands
 k - a wand of digging (2)
 x - a wand of flame (23) (quivered)
 H - a wand of acid (6)
Scrolls
 g - 3 scrolls of enchant armour {unknown}
 h - 2 scrolls of teleportation {unknown}
 i - a scroll of amnesia {unknown}
 j - 2 scrolls of vulnerability {unknown}
 t - 2 scrolls of fog {unknown}
 u - 3 scrolls of magic mapping {unknown}
 w - 12 scrolls of identify {unknown}
 y - a scroll of fear {unknown}
 A - 3 scrolls of noise {unknown}
 F - 2 scrolls of enchant weapon {unknown}
 G - a scroll of poison {unknown}
 I - a scroll of immolation {unknown}
Potions
 e - a potion of heal wounds
 l - 3 potions of flight
 m - 4 potions of curing
 n - 3 potions of attraction
 p - a potion of haste {unknown}
 q - 3 potions of magic
 s - 3 potions of mutation
 z - 2 potions of berserk rage {unknown}
Miscellaneous
 L - a lightning rod (4/4)


   Skills:
 + Level 10.9 Fighting
 * Level 14.4 Long Blades
 - Level 8.0 Armour
 + Level 5.2 Dodging
 - Level 5.7 Shields


You had 10 spell levels left.
You didn't know any spells.
Your spell library contained the following spells:

 Spells                   Type           Power      Damage    Failure   Level
 Ensorcelled Hibernation  Hex/Ice        0%         N/A       100%        2
 Passwall                 Tmut/Erth      0%         N/A       100%        2
 Conjure Flame            Conj/Fire      0%         6-21      100%        3
 Ignite Poison            Fire/Tmut/Pois 0%         N/A       100%        3
 Inner Flame              Hex/Fire       0%         N/A       100%        3
 Swiftness                Air            0%         N/A       100%        3
 Animate Armour           Summ/Erth      0%         N/A       100%        4
 Cause Fear               Hex            0%         N/A       100%        4
 Sticky Flame             Conj/Fire      0%         2d3       100%        4
 Blade Hands              Tmut           0%         N/A       100%        5
 Iron Shot                Conj/Erth      0%         9d1       100%        6
 Discord                  Hex            0%         N/A       100%        8


Dungeon Overview and Level Annotations

Branches:
Dungeon (10/15)            Temple (1/1) D:6
   Lair: D:8-11         Orc: D:9-12

Altars:
Ashenzari
Cheibriados
Dithmenos
Elyvilon
Fedhas
Gozag
Hepliaklqana
Kikubaaqudgha
Makhleb
Nemelex Xobeh
Okawaru
Qazlal
Ru
Sif Muna
Trog
Uskayaw
Vehumet
Wu Jian
Xom
Yredelemnul
Zin
The Shining One

Shops:
D:4 (

Annotations:
D:4 2 transporters, IdlyInterested's ghost, amateur DsGl


Innate Abilities, Weirdness & Mutations

You have a pair of horns on your head.
You reflexively headbutt those who attack you in melee.
Your mind is very acute. (Int +4)
Your spells are a little harder to cast, but a little more powerful.


Message History

* * * LOW HITPOINT WARNING * * *
You barely miss the sphinx.
The sphinx is moderately wounded.
The sphinx mumbles some strange words.
You barely resist.
The orc warrior jeers noisily.
The orc warrior barely misses you. The sphinx hits you but does no damage.
The sphinx hits you.
* * * LOW HITPOINT WARNING * * *
The sphinx hits you but does no damage.
You slash the sphinx!
The sphinx is moderately wounded.
You feel a little less mighty now.
The orc warrior hits you from afar with a +0 trident.
* * * LOW HITPOINT WARNING * * *
The sphinx hits you but does no damage. x2; The sphinx hits you.
* * * LOW HITPOINT WARNING * * *
The orc warrior hits you but does no damage.
The sphinx closely misses you. The sphinx barely misses you.
The sphinx hits you but does no damage.
You barely miss the sphinx. You headbutt the sphinx!
The sphinx is moderately wounded.
The orc warrior hits you but does no damage.
The sphinx mumbles some strange words.
You are confused.
The orc wizard mumbles some strange words.
The orc wizard flickers and vanishes!
Okay, then.
You bump into the stone wall.
The orc warrior misses you. The sphinx hits you.
* * * LOW HITPOINT WARNING * * *
The sphinx hits you but does no damage. x2
The orc warrior hits you but does no damage.
The sphinx mumbles some strange words.
You barely resist. You closely miss the sphinx.
The sphinx is moderately wounded.
A shadow comes into view.
An orc comes into view. It is wielding a +0 falchion.
The sphinx hits you!
You die...

......#..........#######
.......................#
...###################.#
...# ♣♣#.# .#.# ♣. #.#
...# ♣♣. #.# ...#
♣.♣♣♣#)# ...# #♣.).♣#.#
...# #@###.#)### ....
#H# #.....# #...


oc{ #.......# # W#.#.#.......... # o{#.###.#........ .. .. #♣. .♣#..#..... #.
W.. .♣♣ #........ . ##. ♣ #........ .. #........ You could see a sphinx, a
wraith, an orc warrior, a shadow, a centaur and an orc.

Vanquished Creatures
  A two-headed ogre (D:10)
  A tengu warrior (D:10)
  Pikel (D:5)
  A salamander (shapeshifter) (D:10)
  2 trolls (D:9)
  A hornet (D:7)
  Grinder (D:4)
  16 yaks
  A water moccasin (D:8)
  An ice beast (D:7)
  An orc warrior (D:5)
  A sky beast (D:8)
  A black bear (D:6)
  A boggart (shapeshifter) (D:10)
  An ogre (D:5)
  2 bullfrogs
  A scorpion (D:6)
  2 gnoll sergeants (D:8)
  3 necrophages
  4 wights
  11 killer bees (D:9)
  3 howler monkeys
  3 hounds
  6 orc priests
  Jessica (D:2)
  6 iguanas
  9 orc wizards
  Natasha (thrice) (D:2)
  9 gnolls
  10 adders
  A shadow imp (D:7)
  3 worms
  A dart slug (D:3)
  29 orcs
  9 bats
  7 endoplasms
  6 giant cockroaches
  6 goblins
  5 hobgoblins
  9 jackals
  7 kobolds
  4 quokkas
  7 ball pythons
  5 frilled lizards
  6 rats
209 creatures vanquished.

Vanquished Creatures (others)
  3 golden eyes (Abyss:4)
  An orc (D:4)
  34 plants
  2 starspawn tentacles (Abyss:2)
40 creatures vanquished.

Grand Total: 249 creatures vanquished

Notes
Turn   | Place    | Note
-------+----------+-------------------------------------------
     0 | D:1      | rabbitsville the Minotaur Fighter began the quest for the
                  | Orb.
     0 | D:1      | Reached XP level 1. HP: 19/19 MP: 0/0
    69 | D:1      | Reached skill level 3 in Long Blades
    69 | D:1      | Reached XP level 2. HP: 12/27 MP: 1/1
   106 | D:2      | Noticed Jessica
   111 | D:2      | Killed Jessica
   112 | D:2      | Reached XP level 3. HP: 12/33 MP: 2/2
   540 | D:1      | Reached skill level 4 in Long Blades
   727 | D:1      | Reached XP level 4. HP: 40/40 MP: 3/3
  1048 | D:2      | Identified the +3 ring mail of the Desolation of Salt
                  | {Will- rCorr MP+9}
  1383 | D:2      | Found a faded altar of an unknown god.
  1473 | D:2      | Noticed Natasha
  1482 | D:2      | Killed Natasha
  1601 | D:2      | Noticed Natasha
  1606 | D:2      | Killed Natasha
  1607 | D:2      | Reached skill level 5 in Long Blades
  1607 | D:2      | Reached XP level 5. HP: 47/47 MP: 4/4
  1806 | D:2      | Noticed Natasha
  1813 | D:2      | Killed Natasha
  2179 | D:3      | Reached skill level 5 in Fighting
  2182 | D:3      | Reached skill level 5 in Shields
  2264 | D:3      | Reached XP level 6. HP: 56/56 MP: 5/5
  2405 | D:3      | Upgraded the game from 0.29-a0-541-gaf1fc19f1b to
                  | 0.29-a0-542-g075992c915
  2758 | D:4      | Reached skill level 6 in Long Blades
  2974 | D:4      | Noticed Grinder
  3326 | D:4      | Found Neozarez's Antique Weapon Shoppe.
  3354 | D:5      | Entered Level 5 of the Dungeon
  3705 | D:5      | Reached XP level 7. HP: 51/62 MP: 6/6
  3822 | D:5      | Reached skill level 7 in Long Blades
  4507 | D:4      | Found a transporter.
  4511 | D:4      | Noticed IdlyInterested's ghost (amateur DsGl)
  4512 | D:4      | Found a transporter.
  4672 | D:6      | Reached skill level 8 in Long Blades
  4968 | D:6      | Reached XP level 8. HP: 12/64 MP: 7/7
  4970 | D:6      | Reached skill level 5 in Armour
  5350 | D:6      | Found a staircase to the Ecumenical Temple.
  5382 | Temple   | Entered the Ecumenical Temple
  5515 | Temple   | Became a worshipper of Trog the Wrathful
  5644 | D:6      | Reached skill level 9 in Long Blades
  6603 | D:7      | Noticed a hornet
  6615 | D:7      | Killed a hornet
  6616 | D:7      | Reached skill level 10 in Long Blades
  6831 | D:8      | Reached XP level 9. HP: 74/81 MP: 8/8
  7046 | D:8      | Cast into level 2 of the Abyss (gnoll sergeant)
  7090 | Abyss:2  | Noticed a tentacled starspawn
  7090 | Abyss:2  | Noticed a large abomination
  7110 | Abyss:3  | Noticed a smoke demon
  7120 | Abyss:3  | Noticed a starcursed mass
  7123 | Abyss:4  | Noticed an ancient zyme
  7148 | D:8      | Escaped the Abyss
  7344 | D:8      | Reached * piety under Trog
  7353 | D:8      | Identified the +9 shortbow of the Kissing Genius {freeze,
                  | Str+2}
  7406 | D:8      | Reached skill level 11 in Long Blades
  7415 | D:8      | Gained mutation: Your mind is acute. (Int +2) [potion of
                  | mutation]
  7415 | D:8      | Gained mutation: Your mind is very acute. (Int +4) [potion
                  | of mutation]
  7415 | D:8      | Gained mutation: Your spells are a little harder to cast,
                  | but a little more powerful. [potion of mutation]
  7712 | D:8      | Found a glowing silver altar of Zin.
  7741 | D:8      | Found a sacrificial altar of Ru.
  8072 | D:5      | Noticed Pikel
  8087 | D:5      | Killed Pikel
  8088 | D:5      | Reached skill level 12 in Long Blades
  8668 | D:4      | Killed Grinder
  9060 | D:9      | Reached skill level 1 in Dodging
  9078 | D:9      | Reached XP level 10. HP: 86/91 MP: 9/9
  9198 | D:8      | Found an ancient bone altar of Kikubaaqudgha.
  9514 | D:9      | Found a broken altar of Ashenzari.
  9625 | D:9      | Reached skill level 13 in Long Blades
  9655 | D:9      | Reached skill level 10 in Fighting
  9775 | D:9      | Reached ** piety under Trog
 10157 | D:10     | Entered Level 10 of the Dungeon
 10254 | D:10     | Noticed a tengu warrior
 10255 | D:10     | Noticed an orc knight
 10276 | D:10     | Killed a tengu warrior
 10277 | D:10     | Reached skill level 14 in Long Blades
 10278 | D:10     | Noticed a salamander
 10279 | D:10     | Noticed a two-headed ogre
 10280 | D:10     | Noticed a sphinx
 10284 | D:10     | Killed a salamander
 10291 | D:10     | Killed a two-headed ogre
 10292 | D:10     | Reached skill level 5 in Dodging
 10292 | D:10     | Reached XP level 11. HP: 25/101 MP: 10/10
 10301 | D:10     | Slain by a sphinx

Illustrated notes

Levels and vault maps discovered:
D:1:      enne_arrival_octagon_isle, layout_rooms
D:2:      minmay_door_path, layout_loops_cross,
          dilly_ecumenical_altar_fadedgnrine, minmay_misc_feat_four_crosses,
          uniq_jessica, uniq_natasha
D:3:      layout_loops_cross, kennysheep_donut
D:4:      layout_gridville, serial_shops,
          nicolae_shop_temple_entry_statues_fountains,
          gammafunk_ghost_mausoleum, serial_bayou_lagoon_a, glass_columns_a,
          uniq_grinder
D:5:      layout_basic, minivault_25, uniq_pikel
D:6:      layout_basic, minmay_temple_entry_mini_moons
D:7:      layout_cave_pods
D:8:      layout_cave_pools, nicolae_overflow_hidden_temple
D:9:      layout_rooms, old_standard_altar
D:10:     nzn_winding_woodlands_small [nzn_winding_woodlands_5x15_cabin,
          nzn_winding_woodlands_center_garden,
          nzn_winding_woodlands_5x15_zeroes], layout_cave_pools,
          lair_entry_dummy
Temple:   nicolae_temple_no_exploring_needed

Skill      XL: |  1  2  3  4  5  6  7  8  9 10 |
---------------+-------------------------------+-----
Long Blades    | 3 4 5 6 8 10 12 14 | 14.4
Fighting       | 4 5 6 7 9 10 | 10.9
Shields        | 4 5 |  5.7
Armour         | 4 6 8 |  8.0
Dodging        | 1 5 |  5.2

Action                   |  1- 3 |  4- 6 |  7- 9 | 10-12 || total
-------------------------+-------+-------+-------+-------++-------
Melee: Long sword        |    81 |   211 |   110 |       ||   402
       Headbutt          |    11 |    27 |    53 |    24 ||   115
       Great sword       |       |       |   151 |   143 ||   294
Invok: Berserk           |       |       |     1 |     1 ||     2
       Trog's Hand       |       |       |       |     1 ||     1
Evoke: Wand              |       |     1 |     6 |       ||     7
  Use: Potion            |       |     6 |     7 |     2 ||    15
Armor: Scale mail        |    38 |    72 |       |       ||   110
       Ring mail         |       |     6 |       |       ||     6
       Skin              |       |    20 |     2 |       ||    22
       Plate armour      |       |       |   211 |   124 ||   335
Dodge: Dodged            |    45 |    77 |    55 |    68 ||   245
Block: Buckler           |    19 |    46 |    20 |       ||    85

Table legend: (Time is in decaauts)
 A = Elapsed time spent in this place.
 B = Non-inter-level travel time spent in this place.
 C = Inter-level travel time spent in this place.
 D = Time resting spent in this place.
 E = Time spent auto-exploring this place.
 F = Levels seen in this place.
 G = Mean time per level.
                   A        B        C        D        E       F      G
               +--------+--------+--------+--------+--------+-----+--------+
         Total |  10830 |  10299 |    531 |   1167 |   6022 |  14 |  773.6 |
       Dungeon |  10563 |  10032 |    531 |   1167 |   6022 |  10 | 1056.3 |
        Temple |    154 |    154 |      0 |      0 |      0 |   1 |  154.0 |
         Abyss |    112 |    112 |      0 |      0 |      0 |   3 |   37.3 |
               +--------+--------+--------+--------+--------+-----+--------+

Top non-repeatable levels by time:
     D:8: 1452 daAuts
     D:4: 1410 daAuts
     D:5: 1385 daAuts
     D:6: 1230 daAuts
     D:3: 1136 daAuts
     D:2: 1078 daAuts
     D:7: 1018 daAuts
     D:9: 855 daAuts
     D:1: 837 daAuts
    D:10: 157 daAuts
  Temple: 154 daAuts
 Abyss:2: 59 daAuts
 Abyss:4: 27 daAuts
 Abyss:3: 25 daAuts
